 Dungeon Crawl Stone Soup version 0.31.0-32-g396128a36d (webtiles) character file.

Game seed: 1829235088823009163

679 porpoise the Skirmisher (level 7, -10/62 HPs)
             Began as a Minotaur Hunter on Apr 3, 2024.
             Mangled by an orc warrior
             ... wielding a +0 glaive
              (14 damage)
             ... on level 4 of the Dungeon.
             The game lasted 00:11:05 (3880 turns).

porpoise the Skirmisher (Minotaur Hunter)           Turns: 3880, Time: 00:11:05

Health: -10/62     AC:  3    Str: 16    XL:     7   Next: 34%
Magic:  6/6        EV: 12    Int:  6    God:
Gold:   178        SH:  0    Dex: 15    Spells: 6/6 levels left

rFire   . . .        a - +0 shortbow
rCold   . . .        (shield currently unavailable)
rNeg    + . .        c - +0 leather armour
rPois   .            (helmet restricted)
rElec   .            (no cloak)
rCorr   .            (no gloves)
SInv    .            (no boots)
Will    +....        (no amulet)
Stlth   +            j - ring of willpower
HPRegen 0.30/turn    p - ring of positive energy
MPRegen 0.10/turn

%: no passive effects
@: invisible
A: horns 2, retaliatory headbutt
a: no special abilities


You were on level 4 of the Dungeon.
You visited 1 branch of the dungeon, and saw 4 of its levels.

You collected 178 gold pieces.

Inventory:

Hand Weapons
 a - a +0 shortbow (weapon)
 b - the +5 quarterstaff of Law {vamp, Dex+2}
   (You found it on level 3 of the Dungeon)

   Dex+2:     It affects your dexterity (+2).
Missiles
 e - 8 poisoned darts
 g - 2 javelins
 n - 2 atropa-tipped darts
 q - 6 boomerangs
Armour
 c - a +0 leather armour (worn)
Jewellery
 j - a ring of willpower (left hand)
 p - a ring of positive energy (right hand)
 x - a ring of protection from cold
Wands
 v - a wand of flame (21)
Scrolls
 d - a scroll of enchant armour {unknown}
 f - a scroll of acquirement {unknown}
 h - a scroll of revelation {unknown}
 i - a scroll of vulnerability {unknown}
 m - a scroll of immolation {unknown}
 o - 2 scrolls of teleportation
 r - a scroll of poison {unknown}
 s - a scroll of silence {unknown}
 u - a scroll of butterflies
 w - a scroll of summoning {unknown}
Potions
 k - a potion of haste
 t - a potion of berserk rage {unknown}


   Skills:
 + Level 5.7 Fighting
 * Level 8.1 Ranged Weapons
 - Level 3.0 Armour
 - Level 2.1 Dodging
 - Level 0.7 Stealth


You had 6 spell levels left.
You didn't know any spells.
Your spell library contained the following spells:

 Spells                   Type           Power      Damage    Failure   Level
 Summon Small Mammal      Summ           0%         N/A       52%         1
 Call Canine Familiar     Summ           0%         N/A       87%         3
 Summon Blazeheart Golem  Fire/Summ      0%         N/A       99%         4


Dungeon Overview and Level Annotations

Branches:
Dungeon (4/15)
 Temple: D:4-7

Altars:
Nemelex Xobeh
Uskayaw

Shops:
D:2 :


Innate Abilities, Weirdness & Mutations

You have a pair of horns on your head.
You reflexively headbutt those who attack you in melee.


Message History

The orc warrior is lightly wounded.
The orc warrior hits you from afar with a +0 glaive!
You shoot an arrow.
The arrow hits the orc warrior but does no damage.
The orc warrior is lightly wounded.
The orc warrior hits you from afar with a +0 glaive!!
You are too injured to fight recklessly!
You are too injured to fight recklessly!
You fade into invisibility!
The orc warrior misses you.
Fire: a) +0 shortbow
Press: ? - help, Q - select action, (/) - cycle Shift-Dir - straight line, f/p - orc warrior
Aim: an orc warrior, wielding a +0 glaive and wearing a +0 chain mail (lightly wounded, unable to see you, 62% to hit)
You shoot an arrow.
The arrow closely misses the orc warrior.
The arrow hits the scorpion.
The scorpion is lightly wounded.
The orc warrior barely misses you.
Fire: a) +0 shortbow
Press: ? - help, Q - select action, (/) - cycle Shift-Dir - straight line, f/p - orc warrior
Aim: an orc warrior, wielding a +0 glaive and wearing a +0 chain mail (lightly wounded, unable to see you, 62% to hit)
You shoot an arrow. The arrow hits the orc warrior.
The orc warrior is lightly wounded.
The orc warrior misses you.
Fire: a) +0 shortbow
Press: ? - help, Q - select action, (/) - cycle Shift-Dir - straight line, f/p - orc warrior
Aim: an orc warrior, wielding a +0 glaive and wearing a +0 chain mail (lightly wounded, unable to see you, 62% to hit)
You shoot an arrow.
The arrow barely misses the orc warrior.
The arrow barely misses the scorpion.
The arrow closely misses the orc wizard.
The orc warrior hits you from afar with a +0 glaive!
* * * LOW HITPOINT WARNING * * *
Fire: a) +0 shortbow
Press: ? - help, Q - select action, (/) - cycle Shift-Dir - straight line, f/p - orc warrior
Aim: an orc warrior, wielding a +0 glaive and wearing a +0 chain mail (lightly wounded, unable to see you, 62% to hit)
You shoot an arrow. The arrow hits the orc warrior.
The orc warrior is moderately wounded.
The orc warrior hits you from afar with a +0 glaive!
You die...

#.# #..~~) #.#.#
#...8. #.#.# ##....
#)#.######## ##...
#o#........# #.##
#s#.######.####.#
#o#...#.........#
#)#.#.#.......###
#@#...#.......# #
#.............# #
#........##.......#
#
...######.##.......#
# # .##.......# #
.#####.##.# # .#
#.##.# # ## #.##.#
#.##.#


You could see an orc warrior (unable to see you), a scorpion (unable to see you)
and an orc wizard (unable to see you).

Vanquished Creatures
  Sigmund (D:4)
  Blork the orc (D:4)
  A bullfrog (D:4)
  A scorpion (D:4)
  A bombardier beetle (D:3)
  Natasha (thrice) (D:4)
  2 orc wizards (D:3)
  Robin (D:2)
  6 adders
  2 ribbon worms
  3 dart slugs (D:1)
  8 orcs
  7 bats
  9 endoplasms
  4 giant cockroaches
  11 goblins
  10 hobgoblins
  3 jackals (D:1)
  A quokka (D:2)
  10 ball pythons
  4 frilled lizards
  12 kobolds
  5 rats
106 creatures vanquished.

Notes
Turn   | Place    | Note
-------+----------+-------------------------------------------
     0 | D:1      | porpoise the Minotaur Hunter began the quest for the Orb.
     0 | D:1      | Reached XP level 1. HP: 18/18 MP: 0/0
    99 | D:1      | Found a faded altar of an unknown god.
   158 | D:1      | Reached XP level 2. HP: 23/25 MP: 1/1
   195 | D:1      | Reached skill level 1 in Armour
   476 | D:1      | Reached skill level 5 in Ranged Weapons
   486 | D:1      | Reached XP level 3. HP: 31/31 MP: 2/2
  1413 | D:2      | Noticed Robin
  1429 | D:2      | Reached XP level 4. HP: 21/38 MP: 3/3
  1434 | D:2      | Killed Robin
  1850 | D:2      | Found Ymosudgh's Book Boutique.
  2051 | D:3      | Reached XP level 5. HP: 46/46 MP: 4/4
  2169 | D:3      | Found a hide-covered altar of Uskayaw.
  2280 | D:3      | Found a sparkling altar of Nemelex Xobeh.
  2332 | D:3      | Identified the +5 quarterstaff of Law {vamp, Dex+2}
  2435 | D:3      | Reached skill level 6 in Ranged Weapons
  2856 | D:4      | Noticed Natasha
  3025 | D:4      | Killed Natasha
  3079 | D:4      | Reached XP level 6. HP: 13/53 MP: 5/5
  3288 | D:4      | Reached skill level 7 in Ranged Weapons
  3310 | D:4      | Noticed Natasha
  3326 | D:4      | Killed Natasha
  3504 | D:4      | Noticed Sigmund
  3510 | D:4      | Killed Sigmund
  3511 | D:4      | Reached skill level 5 in Fighting
  3511 | D:4      | Reached XP level 7. HP: 61/61 MP: 6/6
  3651 | D:4      | Noticed Blork the orc
  3662 | D:4      | Killed Blork the orc
  3663 | D:4      | Reached skill level 8 in Ranged Weapons
  3811 | D:4      | Noticed Natasha
  3822 | D:4      | Killed Natasha
  3880 | D:4      | Mangled by an orc warrior

Illustrated notes

Levels and vault maps discovered:
D:1:      onia_arrival_pentagram, layout_basic,
          hellmonk_ecumenical_altar_heavens_door, st_stairs_10,
          minmay_heptomino_l4
D:2:      layout_basic, serial_shops, shop_fountains, uniq_robin
D:3:      layout_basic, mainiacjoe_overflow_alcove_1, lemuel_tele_altar,
          nicolae_half_adder
D:4:      layout_loops_ring, hangedman_decor_lopped, serial_park_tiny_pond,
          nrook_campfire, hangedman_decor_peaks_small, uniq_natasha,
          uniq_blork_the_orc, uniq_sigmund

Skill      XL: |  1  2  3  4  5  6  7 |
---------------+----------------------+-----
Armour         | 1 2 3 |  3.0
Fighting       | 3 4 5 |  5.7
Ranged Weapons | 5 6 7 8 |  8.1
Dodging        | |  2.1
Stealth        | |  0.7

Action                     |  1- 3 |  4- 6 |  7- 9 || total
---------------------------+-------+-------+-------++-------
  Melee: Quarterstaff      |       |    13 |       ||    13
         Headbutt          |       |     1 |       ||     1
   Fire: Shortbow          |   148 |   121 |    46 ||   315
  Evoke: Wand              |       |     6 |       ||     6
    Use: Scroll            |       |     4 |       ||     4
         Potion            |       |       |     2 ||     2
 Armour: Leather armour    |    46 |    62 |    16 ||   124
  Dodge: Dodged            |    41 |    44 |    12 ||    97
